 Dungeon Crawl Stone Soup version 0.23.1 (webtiles) character file.

Game seed: 16402008175757791301

100 Norn the Poker (level 4, 0/35 HPs)
             Began as a Merfolk Skald on Mar 10, 2019.
             Slain by an orc warrior
             ... wielding a +0 mace
              (14 damage)
             ... on level 2 of the Dungeon.
             The game lasted 00:03:51 (1844 turns).

Norn the Poker (Merfolk Skald)                      Turns: 1844, Time: 00:03:52

Health: 0/35       AC:  3    Str: 11    XL:     4   Next: 73%
Magic:  7/7        EV: 13    Int: 13    God:
Gold:   143        SH:  0    Dex: 13    Spells: 1/7 levels left

rFire    . . .     SeeInvis .   a - +0 spear
rCold    . . .     Gourm    .   (no shield)
rNeg     . . .     Faith    .   b - +0 leather armour
rPois    .         Spirit   .   (no helmet)
rElec    .         Reflect  .   (no cloak)
rCorr    .         Harm     .   (no gloves)
MR       .....                  (no boots)
Stlth    +.........             (no amulet)
HPRegen  0.11/turn              (no ring)
MPRegen  0.10/turn              (no ring)

@: no status effects
A: change form in water, swift swim, stealthy swim
a: no special abilities


You were on level 2 of the Dungeon.
You were hungry.

You visited 1 branch of the dungeon, and saw 2 of its levels.

You collected 143 gold pieces.

Inventory:

Hand Weapons
 a - a +0 spear (weapon)
Armour
 b - a +0 leather armour (worn)
 i - a +0 pair of gloves
   (You found it on level 1 of the Dungeon)
Jewellery
 j - a cursed amulet of inaccuracy {unknown}
   (You found it on level 1 of the Dungeon)
Scrolls
 c - a scroll of random uselessness {unknown}
 g - 3 scrolls of identify {unknown}
 h - 2 scrolls of amnesia {unknown}
 k - a scroll of noise {unknown}
 l - a scroll of enchant armour {unknown}
Potions
 f - a potion of heal wounds {unknown}
 m - a potion of agility {unknown}
Comestibles
 d - 14 chunks of flesh
 e - 4 rations {!d}


   Skills:
 + Level 3.0 Fighting
 * Level 4.9 Polearms
 - Level 0.6 Armour
 + Level 3.6 Dodging
 - Level 2.0 Spellcasting
 + Level 3.9 Charms


You had one spell level left.
You knew the following spells:

 Your Spells              Type           Power        Failure   Level  Hunger
a - Infusion              Chrm           ##..         7%          1    ##.....
q - Shroud of Golubria    Chrm/Tloc      #.........   22%         2    ###....
t - Spectral Weapon       Hex/Chrm       #.......     41%         3    ####...

Your spell library contained the following spells:

 Spells                   Type           Power        Failure   Level  Hunger
 Song of Slaying          Chrm           ##......     10%         2    ###....
 Regeneration             Chrm/Necr      #.........   41%         3    ####...


Dungeon Overview and Level Annotations

Branches:
Dungeon (2/15)

Altars:
Dithmenos


Message History

a +0 mace; a jackal skeleton; an orc skeleton
Found a stone staircase leading down.
An orc warrior comes into view. It is wielding a +0 mace.
An orc warrior is nearby!
An orc warrior is nearby!
You begin infusing your attacks with magical energy.
You are feeling hungry.
Attack whom?
Aim: an orc warrior, wielding a +0 mace and wearing a +0 chain mail You reach to attack!
You hit the orc warrior but do no damage.
You hit the orc warrior.
The orc warrior hits you but does no damage.
You hit the orc warrior but do no damage.
The orc warrior completely misses you.
You hit the orc warrior but do no damage.
The orc warrior hits you with a +0 mace.
An orc warrior is nearby!
You hit the orc warrior.
You draw out your weapon's spirit!
The orc warrior barely misses you.
You barely miss the orc warrior.
Your spectral weapon hits the orc warrior.
The orc warrior closely misses you.
You hit the orc warrior.
Your spectral weapon hits the orc warrior but does no damage.
The orc warrior hits you with a +0 mace!!
Ouch! That really hurt!
* * * LOW HITPOINT WARNING * * *
Attack whom?
Aim: an orc warrior, wielding a +0 mace and wearing a +0 chain mail (moderately wounded)
You reach to attack!
You hit the orc warrior but do no damage.
Your spectral weapon completely misses the orc warrior.
Your magical infusion is running out.
Attack whom?
Aim: an orc warrior, wielding a +0 mace and wearing a +0 chain mail (moderately wounded)
Okay, then.
The orc warrior hits your spectral weapon with a +0 mace!!
Your spectral weapon shares its damage with you!
Your spectral weapon fades away.
* * * LOW HITPOINT WARNING * * *
You are no longer magically infusing your attacks.
You see here a +0 club.
Some of the chunks of flesh in your inventory have rotted away.
Things that are here:
a +0 club; a +0 whip You see here a stone.
The orc warrior completely misses you.
The orc warrior hits you with a +0 mace!
You die...

.........#....).............
.........#..................
........>#..................
........##(.........########
..###....).........)# ###
#.####.......#..... # #.#
#......###.... # #.#
##.##.o###..##
#####.#####.###.@#..##
(........##..##.....##
........................
...........##.........##
..........####..._...##
...........##.........#
........................
.รท...........##.....##..
.........#..###..#..#


You could see an orc warrior.

Vanquished Creatures
  An orc priest (D:2)
  An adder (D:2)
  An ooze (D:1)
  A worm (D:2)
  A dart slug (D:2)
  An orc (D:2)
  2 ball pythons (D:1)
  2 giant cockroaches
  8 goblins
  4 hobgoblins
  3 jackals (D:2)
  6 kobolds
  A quokka (D:2)
  9 bats
  3 frilled lizards (D:1)
  7 rats
51 creatures vanquished.

Vanquished Creatures (others)
  A spectral weapon (D:2)
  4 toadstools (D:2)
5 creatures vanquished.

Grand Total: 56 creatures vanquished

Notes
Turn   | Place    | Note
-------+----------+-------------------------------------------
     0 | D:1      | Norn the Merfolk Skald began the quest for the Orb.
     0 | D:1      | Reached XP level 1. HP: 16/16 MP: 3/3
   428 | D:1      | Reached XP level 2. HP: 22/23 MP: 0/5
   797 | D:1      | Reached skill level 4 in Polearms
   797 | D:1      | Reached XP level 3. HP: 28/28 MP: 0/6
  1497 | D:2      | Found a shadowy altar of Dithmenos.
  1601 | D:2      | Reached XP level 4. HP: 34/34 MP: 5/7
  1690 | D:2      | Learned a level 2 spell: Shroud of Golubria
  1694 | D:2      | Learned a level 3 spell: Spectral Weapon
  1769 | D:2      | Noticed an orc warrior
  1844 | D:2      | Slain by an orc warrior

Skill      XL: |  1  2  3  4 |
---------------+-------------+-----
Dodging        | 3 |  3.6
Polearms       | 4 |  4.9
Fighting       | 3 |  3.0
Armour         | |  0.6
Spellcasting   | |  2.0
Charms         | |  3.9

Action                   |  1- 3 |  4- 6 || total
-------------------------+-------+-------++-------
Melee: Spear             |   140 |    39 ||   179
 Cast: Infusion          |    14 |     5 ||    19
       Spectral Weapon   |       |     2 ||     2
 Stab: Sleeping          |     1 |       ||     1
  Eat: Chunk             |     3 |       ||     3
Armor: Leather armour    |    26 |     4 ||    30
Dodge: Dodged            |    75 |    18 ||    93
